 Dungeon Crawl Stone Soup version 0.19.5 (webtiles) character file.

13951 theanonym the Covert (level 11, -5/90 HPs)
             Began as a Spriggan Assassin on Mar 19, 2017.
             Was a Priest of Trog.
             Impaled on a porcupine's spines (10 damage)
             ... on level 3 of the Lair of Beasts on Oct 4, 2017.
             The game lasted 01:01:47 (12887 turns).

theanonym the Covert (Spriggan Assassin)           Turns: 12887, Time: 01:01:47

Health: -5/90      AC:  4    Str: 12    XL:     11   Next: 82%
Magic:  12/12      EV: 33    Int: 13    God:    Trog [***...]
Gold:   676        SH:  0    Dex: 30    Spells: 0 memorised, 10 levels left

rFire  . . .     SeeInvis +     A - +10 short sword of Kanuth {freeze, +Fly SInv}
rCold  . . .     Gourm    .     c - +0 robe
rNeg   . . .     Faith    .     (shield restricted)
rPois  .         Spirit   .     (helmet restricted)
rElec  .         Reflect  .     d - +1 cloak
rCorr  .         Harm     .     (gloves unavailable)
MR     +....                    (boots unavailable)
Stlth  ..........               (no amulet)
                                s - +5 ring of dexterity
                                G - +4 ring of dexterity

@: berserking, very quick
A: unfitting armour, see invisible, herbivore 3, speed 3, slow metabolism 2
a: Berserk, Trog's Hand, Burn Spellbooks, Renounce Religion, Evoke Flight


You were on level 3 of the Lair of Beasts.
You worshipped Trog.
Trog was most pleased with you.
You were very hungry.

You visited 3 branches of the dungeon, and saw 12 of its levels.
You also visited: Ossuary.

You collected 676 gold pieces.

Inventory:

Hand Weapons
 b - a +1 blowgun
 A - the +10 short sword of Kanuth (weapon) {freeze, +Fly SInv}
   (You found it on level 4 of the Dungeon)

   It has been specially enchanted to freeze those struck by it, causing extra
   injury to most foes and up to half again as much damage against particularly
   susceptible opponents.
   It can also slow down cold-blooded creatures.
   It lets you see invisible.
   It lets you fly.
Missiles
 e - 76 poisoned needles
 f - 2 curare-tipped needles
 u - 3 steel javelins (quivered)
 v - 5 tomahawks
 z - a throwing net {=f, !d}
Armour
 c - a +0 robe (worn)
 d - a +1 cloak (worn)
 j - a +0 buckler
   (You found it on level 1 of the Dungeon)
 W - a +2 buckler
   (You found it on level 3 of the Lair of Beasts)
Jewellery
 l - an uncursed ring of magical power {MP+9}
   (You found it on level 1 of the Dungeon)
 s - a +5 ring of dexterity (right hand)
   (You found it on level 3 of the Dungeon)
 x - an uncursed ring of flight {+Fly, !d}
   (You found it on level 4 of the Dungeon)
 G - a +4 ring of dexterity (left hand)
   (You found it on level 1 of the Lair of Beasts)
 K - a +1 ring of protection
   (You found it on level 6 of the Dungeon)
Wands
 P - a wand of flame (30/48)
   (You found it on level 1 of the Lair of Beasts)
 R - a wand of flame (12/48)
   (You found it on level 1 of the Lair of Beasts)
 T - a wand of enslavement (21/24)
   (You took it off Psyche on level 8 of the Dungeon)
 V - a wand of slowing (22/48)
   (You found it on level 2 of the Lair of Beasts)
Scrolls
 h - 8 scrolls of remove curse
 k - 4 scrolls of blinking {!r}
 m - a scroll of fear
 w - 3 scrolls of magic mapping {!r}
 D - a scroll of enchant armour
 I - a scroll of fog
 L - a scroll of recharging
 U - a scroll of immolation {!r}
Potions
 a - 4 potions of mutation {!q}
 o - 2 potions of degeneration {unknown}
 q - 12 potions of curing
 t - 2 potions of heal wounds {unknown}
 B - a potion of lignification {unknown}
 C - a potion of agility
 E - a potion of might {unknown}
 F - 2 potions of flight
 H - 2 potions of cancellation {unknown}
 J - a potion of brilliance {unknown}
 O - a potion of resistance {unknown}
 Q - a potion of haste {unknown}
Comestibles
 g - 7 bread rations {@e1}
 n - 6 fruits


   Skills:
 * Level 8.8 Fighting
 * Level 11.6 Short Blades
 - Level 2.0 Throwing
 + Level 12.7 Dodging
 + Level 13.8 Stealth


You had 10 spell levels left.
You didn't know any spells.

Dungeon Overview and Level Annotations

Branches:
Dungeon (8/15)             Temple (1/1) D:4            Lair (3/6) D:8
  Swamp (0/4) Lair:2       Spider (0/4) Lair:2

Altars:
Ashenzari
Cheibriados
Dithmenos
Elyvilon
Fedhas
Gozag
Hepliaklqana
Kikubaaqudgha
Makhleb
Nemelex Xobeh
Okawaru
Qazlal
Ru
Sif Muna
Trog
Uskayaw
Vehumet
Xom
Yredelemnul
Zin
The Shining One

Annotations:
D:6 exclusion: 2 player ghosts, miragecloak's ghost, amateur HOMo
D:7 exclusion: orc warrior
Lair:3 exclusions: hydra, rime drake and 1 more exclusion


Innate Abilities, Weirdness & Mutations

You are very small and have problems with some larger weapons.
You are too small for most types of armour.
You have supernaturally acute eyesight. (SInv)
You are a herbivore.
You cover ground extremely quickly.
You need consume almost no food.


Message History

As you read the scroll labeled MOONOM FOKHAR, it crumbles to dust.
It is a scroll of amnesia.
You feel forgetful for a moment.
As you read the scroll labeled SOOLEKH KIDYTE, it crumbles to dust.
It is a scroll of enchant weapon.
Your +0 blowgun glows red for a moment.
As you read the scroll labeled USHRENT JIFYNU, it crumbles to dust.
You assume a fearsome visage.
Nothing appears to happen.
It was a scroll of fear.
As you read the scroll labeled XUMOYX OMIZI, it crumbles to dust.
You hear the sound of one hand clapping.
It was a scroll of random uselessness.
As you read the scroll labeled XUNOR OBLAE, it crumbles to dust.
You feel blessed for a moment.
It was a scroll of remove curse.
Drop what? 45/52 slots (_ for help) (? for menu, Esc to quit)
You drop a +2 dagger of venom.
You drop 2 scrolls of noise {!r}.
You drop a scroll of amnesia.
Your magical contamination has completely faded away.
There is a stone staircase leading down here.
You climb downwards.
Level annotation: exclusions: hydra, rime drake, upstairs and 1 more exclusion
There is a stone staircase leading up here.
You catch the helpless seven-headed hydra completely off-guard!
You spit the seven-headed hydra like a pig!!!
The seven-headed hydra seems to slow down.
You freeze the seven-headed hydra! You hit the seven-headed hydra.
The seven-headed hydra seems to slow down.
You freeze the seven-headed hydra. The seven-headed hydra misses you.
The seven-headed hydra closely misses you.
The seven-headed hydra bites you.
The seven-headed hydra completely misses you. x2
The seven-headed hydra bites you! The seven-headed hydra bites you.
You take 18 damage, and have 42/60 hp.
MASSIVE DAMAGE!!
You puncture the seven-headed hydra!
The seven-headed hydra seems to slow down.
You freeze the seven-headed hydra.
You kill the seven-headed hydra!
Trog accepts your kill.
You start resting.
A porcupine comes into view.
You regained 7 hp, and now have 49/60 hp.
Okay, then.
Unknown command.
A spiny frog comes into view.
The spiny frog gives a loud, deep croak!
A black mamba comes into view.
The spiny frog completely misses you.
The black mamba hisses angrily.
You puncture the spiny frog! You freeze the spiny frog. You hit the spiny frog.
You freeze the spiny frog. The spiny frog closely misses you.
The porcupine misses you.
You hit the spiny frog but do no damage.
The spiny frog completely misses you. The black mamba closely misses you.
You puncture the spiny frog! You freeze the spiny frog.
The porcupine barely misses you. The black mamba completely misses you.
The spiny frog completely misses you.
You barely miss the spiny frog. The black mamba barely misses you.
You barely miss the spiny frog. The porcupine bites you!
The spiny frog completely misses you.
You take 12 damage, and have 39/60 hp.
You hit the spiny frog but do no damage.
The black mamba bites you! The porcupine closely misses you.
You take 8 damage, and have 31/60 hp.
You are too injured to fight recklessly!
You are too injured to fight recklessly!
You hit the black mamba. You freeze the black mamba.
The black mamba completely misses you. The spiny frog completely misses you.
You hit the black mamba. You freeze the black mamba. The black mamba bites you!
The porcupine misses you. The spiny frog completely misses you.
You take 10 damage, and have 21/60 hp.
You puncture the black mamba! You freeze the black mamba.
The black mamba bites you!!
* * * LOW HITPOINT WARNING * * *
You take 19 damage, and have 2/60 hp.
MASSIVE DAMAGE!!
The black mamba misses you.
A red film seems to cover your vision as you go berserk!
You feel yourself moving faster!
You feel mighty!
You are feeling very hungry.
The black mamba completely misses you.
You now have 4/90 hp.
You hit the black mamba.
The black mamba seems to slow down.
You freeze the black mamba. The black mamba completely misses you.
The porcupine barely misses you.
You puncture the black mamba! You freeze the black mamba.
You kill the black mamba!
Trog accepts your kill.
You barely miss the spiny frog. You hit the spiny frog.
The spiny frog seems to slow down.
You freeze the spiny frog. The porcupine completely misses you.
You closely miss the spiny frog. You impale the spiny frog!!
You freeze the spiny frog.
You kill the spiny frog!
Trog accepts your kill. The porcupine misses you.
You are struck by the porcupine's spines.
You die...

######## P##
.##.#PP#.#####.P#.
..................
................
##...........P#
.....#......<......#
.....##.......†...## #..
.....##..(.........# ##.⌠
...........@......P##.!..
....PP#...r..>.........# ..
...............##...##.# ...
..............÷.÷[.....#...?
......#.......#%#...........
................÷.....#.#...
..................⌠.....# .
..$...................#.....
.........P....#$......#.#...


You could see a porcupine.

Vanquished Creatures
  2 hydras (Lair:3)
  Joseph (D:8)
  A black mamba (Lair:3)
  A spiny frog (Lair:3)
  Psyche (D:8)
  A rime drake (Lair:2)
  3 komodo dragons
  2 polar bears (D:8)
  3 blink frogs (Lair:3)
  2 hippogriffs
  2 redbacks (Lair:2)
  A wyvern (D:8)
  A spriggan (D:7)
  A wraith (D:8)
  17 yaks
  A basilisk (Lair:2)
  2 vampire mosquitoes (Lair:2)
  4 water moccasins
  9 ice beasts
  A porcupine (Lair:1)
  2 sky beasts (D:8)
  A black bear (D:8)
  A centaur (D:7)
  A phantom (D:8)
  A wolf (D:8)
  3 ogres
  2 crocodiles
  6 bullfrogs
  2 wyvern zombies (Ossuary)
  2 scorpions
  9 killer bees
  2 howler monkeys (D:7)
  2 crimson imps (D:6)
  2 centaur zombies
  A bullfrog zombie (Ossuary)
  4 hounds
  7 human zombies (D:8)
  2 jellies
  A centaur skeleton (D:4)
  4 orc priests
  A bullfrog skeleton (D:5)
  5 orc wizards
  3 iguanas
  4 worker ants
  A centaur simulacrum (D:8)
  2 hound zombies (Ossuary)
  21 mummies
  4 howler monkey zombies
  2 worker ant zombies
  Robin (D:3)
  7 gnolls
  14 adders
  A hound simulacrum (D:8)
  2 shadow imps
  6 white imps (D:8)
  3 ufetubi (D:8)
  3 oozes
  2 adder skeletons
  3 adder zombies
  2 worms (D:3)
  8 dart slugs
  An adder simulacrum (D:8)
  7 leopard geckos
  17 orcs
  10 bats
  6 giant cockroaches
  15 goblins
  12 hobgoblins
  6 jackals
  14 kobolds
  3 quokkas
  2 frilled lizards
  A goblin zombie (D:5)
  3 quokka zombies
  9 rats
  A rat zombie (D:5)
  A withered plant (Ossuary)
314 creatures vanquished.

Vanquished Creatures (others)
  2 withered plants (Ossuary)
2 creatures vanquished.

Grand Total: 316 creatures vanquished

Notes
Turn   | Place    | Note
-------+----------+-------------------------------------------
     0 | D:1      | theanonym the Spriggan Assassin began the quest for the Orb.
     0 | D:1      | Reached XP level 1. HP: 10/10 MP: 2/2
    42 | D:1      | Reached skill level 2 in Dodging
    42 | D:1      | Reached skill level 6 in Stealth
    42 | D:1      | Reached XP level 2. HP: 12/14 MP: 3/3
   312 | D:1      | Reached XP level 3. HP: 14/18 MP: 4/4
   352 | D:1      | Reached skill level 3 in Dodging
   369 | D:1      | Reached skill level 3 in Short Blades
  1320 | D:2      | Reached XP level 4. HP: 13/22 MP: 5/5
  1493 | D:2      | Found a faded altar of an unknown god.
  1621 | D:2      | HP: 5/22 [poisoned by an adder]
  1626 | D:2      | HP: 4/22 [poisoned by an adder]
  1633 | D:2      | HP: 4/22 [poisoned by an adder]
  1640 | D:2      | HP: 3/22 [poisoned by an adder]
  1646 | D:2      | HP: 2/22 [poisoned by an adder]
  1979 | D:2      | Reached skill level 7 in Stealth
  2276 | D:2      | Found a snail-covered altar of Cheibriados.
  2384 | D:2      | Reached skill level 4 in Short Blades
  2392 | D:2      | Reached skill level 4 in Dodging
  2392 | D:2      | Reached XP level 5. HP: 23/25 MP: 6/6
  2577 | D:3      | Noticed Robin
  3031 | D:3      | Killed Robin
  3469 | D:3      | Reached skill level 5 in Dodging
  3714 | D:3      | Found a sacrificial altar of Ru.
  3923 | D:3      | Reached XP level 6. HP: 29/30 MP: 7/7
  4145 | D:4      | Reached skill level 2 in Fighting
  4262 | D:4      | Reached skill level 8 in Stealth
  4401 | D:4      | Found a staircase to the Ecumenical Temple.
  4408 | Temple   | Entered the Ecumenical Temple
  4493 | D:4      | Identified the +10 short sword of Kanuth {freeze, +Fly SInv} (You found it on level 4 of the Dungeon)
  4594 | D:4      | Found a glowing golden altar of the Shining One.
  4604 | D:4      | Reached skill level 5 in Short Blades
  4802 | D:5      | Entered Level 5 of the Dungeon
  4809 | D:5      | Reached XP level 7. HP: 35/35 MP: 8/8
  4814 | D:5      | Reached skill level 6 in Dodging
  4820 | D:4      | HP: 8/35 [poisoned by a killer bee]
  5173 | D:5      | Reached skill level 9 in Stealth
  5191 | D:5      | Reached skill level 3 in Fighting
  5222 | D:5      | Reached skill level 7 in Dodging
  5262 | D:5      | Found a sand-covered staircase.
  5269 | Ossuary  | Entered an ossuary
  5290 | Ossuary  | Reached XP level 8. HP: 40/40 MP: 9/9
  5318 | Ossuary  | Reached skill level 6 in Short Blades
  5339 | Ossuary  | HP: 10/40 [bullfrog zombie (3)]
  5497 | Ossuary  | Reached skill level 10 in Stealth
  5562 | Ossuary  | Reached skill level 8 in Dodging
  5652 | Ossuary  | Reached skill level 4 in Fighting
  6190 | D:6      | Found an opulent altar of Gozag.
  6405 | D:6      | Reached skill level 7 in Short Blades
  6452 | D:6      | Found a bloodstained altar of Trog.
  6474 | D:6      | Noticed miragecloak's ghost (amateur HOMo)
  6856 | D:6      | Reached XP level 9. HP: 46/46 MP: 10/10
  6867 | D:6      | Reached skill level 9 in Dodging
  7035 | D:6      | Became a worshipper of Trog the Wrathful
  7337 | D:7      | Reached skill level 11 in Stealth
  7454 | D:7      | Reached skill level 5 in Fighting
  7544 | D:7      | Reached skill level 8 in Short Blades
  7544 | D:7      | Reached skill level 10 in Dodging
  8287 | D:7      | Found a white marble altar of Elyvilon.
  8483 | D:8      | Found a staircase to the Lair.
  8512 | D:8      | Reached * piety under Trog
  8528 | D:8      | Noticed a polar bear
  8531 | D:8      | Noticed a polar bear
  8557 | D:8      | Noticed a polar bear
  8574 | Lair:1   | Entered Level 1 of the Lair of Beasts
  8782 | Lair:1   | Reached XP level 10. HP: 53/53 MP: 11/11
  8981 | Lair:1   | Reached skill level 6 in Fighting
  8981 | Lair:1   | Reached skill level 9 in Short Blades
  9190 | Lair:1   | Reached skill level 11 in Dodging
  9371 | Lair:1   | Reached skill level 12 in Stealth
 10009 | D:8      | Noticed Psyche
 10288 | D:8      | Reached skill level 7 in Fighting
 10289 | D:8      | Noticed Joseph
 10420 | D:8      | Reached ** piety under Trog
 10458 | D:8      | Found an iron altar of Okawaru.
 10486 | D:8      | Reached skill level 10 in Short Blades
 10888 | D:8      | Found a shadowy altar of Dithmenos.
 10889 | D:8      | Found an iron altar of Okawaru.
 10968 | D:8      | Killed Joseph
 11008 | D:8      | Reached XP level 11. HP: 58/58 MP: 12/12
 11109 | D:8      | Found an ancient bone altar of Kikubaaqudgha.
 11211 | D:8      | Killed Psyche
 11211 | D:8      | Reached skill level 12 in Dodging
 11211 | D:8      | Reached skill level 13 in Stealth
 11604 | Lair:2   | Found a staircase to the Swamp.
 11780 | Lair:2   | Found a hole to the Spider Nest.
 12279 | Lair:3   | Noticed a seven-headed hydra
 12282 | Lair:3   | Killed a seven-headed hydra
 12282 | Lair:3   | Reached *** piety under Trog
 12282 | Lair:3   | Reached skill level 8 in Fighting
 12282 | Lair:3   | Reached skill level 11 in Short Blades
 12296 | Lair:3   | Noticed a seven-headed hydra
 12821 | Lair:3   | Killed a seven-headed hydra
 12872 | Lair:3   | HP: 2/60 [black mamba (19)]
 12887 | Lair:3   | Impaled on a porcupine's spines

Skill      XL: |  1  2  3  4  5  6  7  8  9 10 11 |
---------------+----------------------------------+-----
Dodging        | 2 3 4 5 7 8 10 11 12 | 12.7
Stealth        | 6 7 8 9 10 11 12 13 | 13.8
Short Blades   | 3 4 5 7 8 10 11 | 11.6
Fighting       | 2 3 4 5 7 8 |  8.8
Throwing       | |  2.0

Action                   |  1- 3 |  4- 6 |  7- 9 | 10-12 || total
-------------------------+-------+-------+-------+-------++-------
Melee: Dagger            |   114 |   223 |       |       ||   337
       Short sword       |       |     6 |   322 |   338 ||   666
Invok: Berserk           |       |       |       |     7 ||     7
 Abil: Stop Flying       |       |       |     1 |       ||     1
       Evoke Flight      |       |       |     1 |       ||     1
  Use: Scroll            |     2 |     2 |     2 |    16 ||    22
       Potion            |       |     1 |     1 |       ||     2
 Stab: Sleeping          |     9 |    17 |    21 |    21 ||    68
       Distracted        |       |     3 |     6 |     4 ||    13
  Eat: Bread ration      |       |     1 |       |     1 ||     2
       Fruit             |       |       |       |     3 ||     3
Armor: Robe              |     8 |     7 |     6 |     4 ||    25
Dodge: Dodged            |    75 |   129 |   193 |   229 ||   626

Vault maps used:
D:1:      erik_arrival_gehennom, hex_intersection, minmay_crystal_water,
          nrook_uturn
D:2:      nicolae_overflow_crystal_walls, serial_forest,
          infiniplex_forest_straight_4, infiniplex_forest_lined_room_3,
          infiniplex_forest_clump_large, infiniplex_forest_clump_small,
          infiniplex_forest_lined_ring, infiniplex_forest_zigzag_1,
          ecumenical_altar_1
D:3:      kennysheep_slugbush, first_bread, lemuel_statue_altar, uniq_robin
D:4:      nicolae_overflow_hidden_temple, minmay_temple_entry_mist,
          supply_closet_lemuel
D:5:      enter_ossuary_4, glass_columns_a
D:6:      overflow_temple_1_default, grunt_gozag_statues
D:7:      elyvilon_altar_3, the_bakery
D:8:      gammafunk_temple_overflow_pools, dpeg_lair_monsters, basic_altar,
          serial_ice, serial_ice_m, serial_ice_h, serial_ice_i, serial_ice_e,
          serial_ice_f, serial_ice_n, serial_ice_o, serial_ice_a,
          lemuel_mausoleum_altar_kikubaaqudgha, uniq_joseph, uniq_psyche
Temple:   eino_wide_crystal_templ
Lair:1:   lemuel_fruit_tree
Lair:2:   minmay_swamp_entry_swarm, spider_nest_entry_webs,
          lemuel_another_geyser
Lair:3:   grunt_megastairs_1
Ossuary:  ossuary_zaba_flooded

Table legend:
 A = Turns spent in this place as a percentage of turns spent in the entire game.
 B = Non-inter-level travel turns spent in this place as a percentage of non-inter-level travel turns spent in the entire game.
 C = Inter-level travel turns spent in this place as a percentage of turns spent in this place.
 D = Turns resting spent in this place as a percentage of non-inter-level travel turns spent in this place.
 E = Turns spent auto-exploring this place as a percentage of non-inter-level travel turns spent in this place.
 F = Non-inter-level travel turns spent in this place divided by the number of levels of this place that you've seen.
                   A       B       C       D       E      F
               +-------+-------+-------+-------+-------+----------------------
         Total | 100.0 | 100.0 |   0.9 |   2.7 |   8.4 | 291.7
       Dungeon |  76.3 |  76.4 |   0.8 |   2.3 |   8.4 | 362.1
        Temple |   0.6 |   0.6 |   4.5 |   0.0 |  61.9 |  21.0
          Lair |  15.9 |  15.8 |   2.0 |   4.5 |   8.5 | 199.3
       Ossuary |   7.2 |   7.3 |   0.0 |   3.3 |   4.3 | 276.0
               +-------+-------+-------+-------+-------+----------------------

Table legend:
 A = Kills in this place as a percentage of kills in entire the game.
 B = Kills by you in this place as a percentage of kills by you in the entire game.
 C = Kills by friends in this place as a percentage of kills by friends in the entire game.
 D = Other kills in this place as a percentage of other kills in the entire game.
 E = Experience gained in this place as a percentage of experience gained in the entire game.
 F = Experience gained in this place divided by the number of levels of this place that you have seen.
                   A       B       C       D       E      F
               +-------+-------+-------+-------+-------+----------------------
         Total | 100.0 | 100.0 |  -nan |  -nan | 100.0 | 1533.1
       Dungeon |  79.9 |  79.9 |  -nan |  -nan |  50.2 | 1249.8
          Lair |  10.5 |  10.5 |  -nan |  -nan |  45.4 | 3017.7
       Ossuary |   9.6 |   9.6 |  -nan |  -nan |   4.4 | 879.0
               +-------+-------+-------+-------+-------+----------------------
